 Dungeon Crawl Stone Soup version 0.31-a0-1321-g5021b54cb2 (webtiles) character file.

Game seed: 10773519190635060681

1 Sonofthefire the Ruffian (level 1, 0/13 HPs)
             Began as an Octopode Shapeshifter on Dec 20, 2023.
             Slain by a kobold
             ... wielding a +2 dagger of venom
              (4 damage)
             ... on level 1 of the Dungeon.
             The game lasted 00:00:12 (26 turns).

Sonofthefire the Ruffian (Octopode Shapeshifter)      Turns: 26, Time: 00:00:13

Health: 0/13       AC:  1    Str: 13    XL:     1   Next: 20%
Magic:  1/1        EV: 13    Int: 12    God:
Gold:   0          SH:  0    Dex: 11    Spells: 0/0 levels left

rFire   . .          .
                       - Unarmed
rCold   . . .        (no shield)
rNeg    . . .        (helmet currently unavailable)
rPois   .            (no amulet)
rElec   .            (no ring)
rCorr   .            (no ring)
SInv    .            (no ring)
Will    .....        (no ring)
Stlth   ++           (no ring)
HPRegen 0.22/turn    (no ring)
MPRegen 0.07/turn    (no ring)
                     (no ring)

%: no passive effects
@: lethally poisoned (0 -> -5), beast-form
A: beast (slay +1), almost no armour, amphibious, 8 rings, camouflage 1,
gelatinous body 1, (nimble swimmer 1), tentacles
a: Begin Untransformation


You were on level 1 of the Dungeon.
You were a hulking beast.
You visited 1 branch of the dungeon, and saw 1 of its levels.

Inventory:

Talismans
 b - a beast talisman
 c - a flux talisman
Potions
 a - a potion of lignification
 d - a potion of degeneration {unknown}


   Skills:
 + Level 1.0 Fighting
 + Level 2.0 Dodging
 + Level 3.0 Unarmed Combat
 * Level 3.0 Shapeshifting


You couldn't memorise any spells.
You didn't know any spells.
Your spell library was empty.

Dungeon Overview and Level Annotations

Branches:
Dungeon (1/15)

Altars:


Innate Abilities, Weirdness & Mutations

You are a hulking beast.
Your limbs bulge with bestial killing power. (Slay +1)
You cannot wear most types of armour.
You are amphibious.
You can wear up to eight rings at the same time.
Your skin changes colour to match your surroundings (Stealth+).
Your rubbery body absorbs attacks. (AC +1, EV +1)
((You are camouflaged when in or above water. (Stealth+)))
You have tentacles for arms and can constrict up to eight enemies at once.


Message History

A bat comes into view.
Found a stone staircase leading down.
A bat is nearby!
A bat is nearby!
A bat and 2 kobolds come into view.
A kobold is wielding a +2 dagger of venom.
Found a leather armour.
The bat completely misses you. The bat hits you.
The bat hits you but does no damage.
The kobold shouts!
You barely miss the bat. Your grab misses the bat. The bat closely misses you.
The kobold hits you with a +0 short sword.
You are too injured to fight recklessly!
You are too injured to fight recklessly!
You are too injured to fight recklessly!
You are too injured to fight recklessly!
You are too injured to fight recklessly!
You are too injured to fight recklessly!
You are too injured to fight recklessly!
You are too injured to fight recklessly!
You are too injured to fight recklessly!
You are too injured to fight recklessly!
You are too injured to fight recklessly!
You miss the kobold. Your grab misses the kobold.
You squeeze the kobold, but do no damage.
You closely miss the kobold. You grab the kobold.
You constrict the kobold, but do no damage.
The bat closely misses you. The kobold closely misses you.
You tentacle-slap the kobold. You squeeze the kobold.
You kill the kobold!
The bat misses you.
The kobold hits you with a +2 dagger of venom.
You are lethally poisoned!
The bat hits you but does no damage.
You tentacle-slap the kobold but do no damage.
Your grab misses the kobold.
You tentacle-slap the kobold, but do no damage.
You feel sick. The bat hits you but does no damage. x2
The kobold hits you with a +2 dagger of venom.
You die...

.. ## .# # ..[ ##
.## .. .... #. ..
.# ..##. ###.##..
>... ..... #..
#)K# #.###h.##b.#
#......b...#
###b####.....
#...# .### ##..##
..
#...############
#......§§......##
#.....≈§≈§≈.....#
#....≈≈≈§§§≈....#


You could see 2 bats and a kobold.

Vanquished Creatures
  A kobold (D:1)
1 creature vanquished.

Notes
Turn   | Place    | Note
-------+----------+-------------------------------------------
     0 | D:1      | Sonofthefire the Octopode Shapeshifter began the quest for
                  | the Orb.
     0 | D:1      | Reached XP level 1. HP: 13/13 MP: 1/1
    26 | D:1      | Slain by a kobold

Illustrated notes

Levels and vault maps discovered:
D:1:      lemuel_arrival_lava_pool, layout_basic

Action                     || total
---------------------------++-------
  Melee: Unarmed           ||     5
         Tentacles         ||     2
         Constrict         ||     1
         Punch             ||     1
 Armour: Skin              ||     8
  Dodge: Dodged            ||     5

Table legend: (Time is in decaauts)
 A = Elapsed time spent in this place.
 B = Non-inter-level travel time spent in this place.
 C = Inter-level travel time spent in this place.
 D = Time resting spent in this place.
 E = Time spent auto-exploring this place.
 F = Levels seen in this place.
 G = Mean time per level.
                   A        B        C        D        E       F      G
               +--------+--------+--------+--------+--------+-----+--------+
         Total |     25 |     25 |      0 |      0 |     13 |   1 |   25.0 |
       Dungeon |     25 |     25 |      0 |      0 |     13 |   1 |   25.0 |
               +--------+--------+--------+--------+--------+-----+--------+

Top non-repeatable levels by time:
     D:1: 25 daAuts
